 Dungeon Crawl Stone Soup version 0.16-a0-3841-g2612308 (webtiles) character file.

7305 DEFE the Carver (level 10, 0/93 HPs)
             Began as a Minotaur Fighter on Jan 30, 2015.
             Was an Elder of Okawaru.
             Killed from afar by Fannar (13 damage)
             ... with a bolt of cold
             ... on level 10 of the Dungeon.
             The game lasted 00:18:50 (11501 turns).

DEFE the Carver (Minotaur Fighter)                 Turns: 11501, Time: 00:18:50

Health: 0/93       AC: 19    Str: 23    XL:     10   Next: 90%
Magic:  4/4        EV:  9    Int:  5    God:    Okawaru [****..]
Gold:   401        SH: 14    Dex: 11    Spells: 0 memorised, 9 levels left

rFire  x . .     SeeInvis .     f - +1 long sword
rCold  + . .     Clarity  .     x - +0 plate armour
rNeg   . . .     SustAb   .     c - +0 shield
rPois  +         Gourm    .     (helmet restricted)
rElec  .         Spirit   .     (no cloak)
rCorr  .         Warding  .     F - +0 pair of gloves
rMut   .         Stasis   .     w - +0 pair of boots
MR     .....                    (no amulet)
Stlth  ..........               G - ring of poison resistance
                                y - ring of ice

@: heroism, not resistant to hostile enchantments, extremely unstealthy
A: retaliatory headbutt, horns 2
a: Heroism, Renounce Religion


You were on level 10 of the Dungeon.
You worshipped Okawaru.
Okawaru was greatly pleased with you.
You were not hungry.

You visited 2 branches of the dungeon, and saw 11 of its levels.

You collected 509 gold pieces.
You spent 108 gold pieces at shops.

Inventory:

Hand weapons
 a - a +1 long sword
 f - a +1 long sword (weapon)
 s - a +0 flail of draining
 L - a +0 morningstar
Armour
 b - a +0 scale mail
 c - a +0 shield (worn)
 j - a +0 scale mail
 q - a +0 chain mail
 w - a +0 pair of boots (worn)
 x - a +0 plate armour (worn)
 F - a +0 pair of gloves (worn)
Jewellery
 y - a ring of ice (left hand)
 G - a ring of poison resistance (right hand)
Magical devices
 i - a wand of fire (10)
 n - a wand of magic darts (15)
 E - a wand of lightning (4)
 I - a wand of flame (31)
 K - a wand of confusion (28)
Scrolls
 h - a scroll of random uselessness
 k - 5 scrolls of remove curse
 r - a scroll of noise
 t - 3 scrolls of magic mapping
 u - a scroll of recharging
 z - a scroll of blinking
 A - a scroll of enchant armour
 H - 3 scrolls of fear {unknown}
Potions
 e - 2 potions of brilliance
 g - a potion of lignification
 o - 3 potions of restore abilities
 p - 5 potions of curing
Books
 m - a book of Cantrips

   Spells                             Type                      Level
   a - Corona                         Hexes                        1
   b - Animate Skeleton               Necromancy                   1
   c - Summon Small Mammal            Summoning                    1
   d - Apportation                    Translocation                1
 v - a book of Debilitation

   Spells                             Type                      Level
   a - Corona                         Hexes                        1
   b - Slow                           Hexes                        2
   c - Inner Flame                    Hexes/Fire                   3
   d - Enslavement                    Hexes                        4
   e - Cause Fear                     Hexes                        4
   f - Leda's Liquefaction            Hexes/Earth                  4
 C - a book of Battle

   Spells                             Type                      Level
   a - Infusion                       Charms                       1
   b - Shroud of Golubria             Charms/Translocation         2
   c - Song of Slaying                Charms                       2
   d - Spectral Weapon                Hexes/Charms                 3
   e - Regeneration                   Charms/Necromancy            3
 M - a Necronomicon {highlevel, unknown}

   This book is beyond your current level of understanding.

   Spells                             Type                      Level
   a - Haunt                          Necromancy/Summoning         7
   b - Borgnjor's Revivification      Necromancy                   8
   c - Death's Door                   Charms/Necromancy            8
   d - Necromutation                  Transmutation/Necromancy     8
Comestibles
 d - 9 bread rations
 l - 2 meat rations
 B - 3 chunks of flesh
 J - 2 slices of pizza


   Skills:
 + Level 9.9(14.9) Fighting
 * Level 12.5(17.5) Long Blades
 + Level 9.5(14.5) Armour
 + Level 9.9(14.9) Shields


You had 9 spell levels left.
You didn't know any spells.

Dungeon Overview and Level Annotations

Branches:
Dungeon (10/15)            Temple (1/1) D:6            Lair (0/8) D:9
    Orc (0/4) D:9

Altars:
Ashenzari
Cheibriados
Dithmenos
Elyvilon
Fedhas
Gozag
Kikubaaqudgha
Makhleb
Nemelex Xobeh
Okawaru
Qazlal
Ru
Sif Muna
Trog
Vehumet
Xom
Yredelemnul
Zin
The Shining One

Shops:
D:9 (

Annotations:
D:10 Fannar


Innate Abilities, Weirdness & Mutations

You reflexively headbutt those who attack you in melee.
You have a pair of horns on your head.


Message History

You hit Fannar but do no damage.
Fannar is severely wounded.
You block the ice beast's attack. x2
You closely miss Fannar. You headbutt Fannar, but do no damage.
Fannar is severely wounded.
You block the ice beast's attack.
Fannar hits you with a quarterstaff of freezing.
* * * LOW HITPOINT WARNING * * *
You block the ice beast's attack. Fannar blocks your attack.
Fannar is severely wounded.
The ice beast completely misses you.
The ice beast hits you but does no damage.
Fannar gestures wildly while chanting.
Fannar blinks!
You block the ice beast's attack. Fannar casts a spell at you.
The bolt of cold hits the ice beast.
The ice beast completely resists.
The bolt of cold hits you! You resist.
You die...

#.............
#..............
######...#....
#...# .. #..e#
#...# #Y..# #YY.#
#@..#
.................
...............
................
...............
...######.... ..
... ..


You could see Fannar and 3 ice beasts.

Vanquished Creatures
  Joseph (D:8)
  Grinder (D:3)
  A spriggan (D:7)
  A hungry ghost (D:9)
  3 hippogriffs
  2 steam dragons
  The ghost of dysrexia the Insei, an average DrMo (D:3)
  A wyvern (D:9)
  3 wargs (D:9)
  2 water moccasins
  4 orc warriors
  A black bear (D:6)
  3 ice beasts
  2 sky beasts
  6 centaurs
  A phantom (D:8)
  3 ogres (D:6)
  A big kobold (D:9)
  Sigmund (D:3)
  5 giant frogs
  A crocodile (D:9)
  Blork the orc (D:9)
  2 gnoll sergeants (D:8)
  A water moccasin skeleton (D:6)
  4 scorpions
  3 wights (D:7)
  3 goliath beetles
  6 crimson imps
  6 jellies
  A centaur zombie (D:7)
  5 iguanas
  A giant frog zombie (D:9)
  5 hounds
  6 orc priests
  A quasit (D:9)
  A giant frog skeleton (D:9)
  2 gnoll shamans
  3 orc wizards
  9 worker ants
  Natasha (thrice) (D:3)
  A hound skeleton (D:7)
  A mummy (D:6)
  A worker ant zombie (D:6)
  29 gnolls
  10 adders
  A giant mite (D:8)
  A shadow imp (D:8)
  A worm (D:3)
  An adder zombie (D:9)
  An adder skeleton (D:6)
  3 giant geckos
  35 orcs
  A bat skeleton (D:6)
  4 giant cockroaches
  13 hobgoblins
  8 quokkas
  2 ball pythons
  11 bats
  A giant gecko skeleton (D:6)
  A giant gecko zombie (D:7)
  14 goblins
  16 jackals
  A jackal skeleton (D:6)
  22 kobolds
  25 rats
311 creatures vanquished.

Vanquished Creatures (others)
  2 giant spores (D:8)
2 creatures vanquished.

Grand Total: 313 creatures vanquished

Notes
Turn   | Place    | Note
--------------------------------------------------------------
     0 | D:1      | DEFE, the Minotaur Fighter, began the quest for the Orb.
     0 | D:1      | Reached XP level 1. HP: 19/19 MP: 1/1
   256 | D:1      | Reached XP level 2. HP: 18/27 MP: 1/1
   720 | D:1      | Reached skill level 4 in Armour
  1126 | D:2      | Reached XP level 3. HP: 33/33 MP: 2/2
  1237 | D:2      | Found a sparkling altar of Nemelex Xobeh.
  2073 | D:3      | Noticed Sigmund
  2089 | D:3      | HP: 2/49 [Sigmund/scythe (7)]
  2092 | D:3      | Killed Sigmund
  2092 | D:3      | Reached XP level 4. HP: 3/41 MP: 2/2
  2432 | D:3      | Found a shimmering altar of Xom.
  2445 | D:3      | Reached XP level 5. HP: 41/47 MP: 2/2
  2483 | D:3      | Noticed dysrexia's ghost (average DrMo)
  2524 | D:3      | Killed dysrexia's ghost
  2524 | D:3      | Reached skill level 5 in Fighting
  2524 | D:3      | Reached skill level 5 in Long Blades
  2524 | D:3      | Reached XP level 6. HP: 19/56 MP: 3/3
  2535 | D:3      | Reached skill level 5 in Armour
  2627 | D:3      | Gained mutation: Scrolls take you a little longer to read. [mutagenic glow]
  2759 | D:3      | Noticed Grinder
  2772 | D:3      | Killed Grinder
  2772 | D:3      | Reached skill level 6 in Long Blades
  2772 | D:3      | Reached skill level 5 in Shields
  2772 | D:3      | Reached XP level 7. HP: 32/61 MP: 3/3
  3154 | D:3      | Noticed Natasha
  3177 | D:3      | Killed Natasha
  3340 | D:3      | Noticed Natasha
  3350 | D:3      | Killed Natasha
  3512 | D:3      | Noticed Natasha
  3515 | D:3      | Killed Natasha
  3722 | D:4      | Found a glowing golden altar of the Shining One.
  3723 | D:4      | Found a burning altar of Makhleb.
  3957 | D:4      | Found a stormy altar of Qazlal.
  3957 | D:4      | Found a shadowy altar of Dithmenos.
  3957 | D:4      | Found a radiant altar of Vehumet.
  4134 | D:4      | Found a basalt altar of Yredelemnul.
  4277 | D:4      | Found a shattered altar of Ashenzari.
  4806 | D:5      | Entered Level 5 of the Dungeon
  4886 | D:5      | Reached skill level 7 in Long Blades
  4944 | D:5      | Reached XP level 8. HP: 57/70 MP: 3/3
  5362 | D:5      | Found a glowing golden altar of the Shining One.
  5537 | D:6      | Found a staircase to the Ecumenical Temple.
  5843 | D:6      | Reached skill level 8 in Long Blades
  6133 | D:6      | Found an iron altar of Okawaru.
  6154 | D:6      | Became a worshipper of Warmaster Okawaru
  6909 | Temple   | Entered the Ecumenical Temple
  7236 | D:6      | Reached skill level 9 in Long Blades
  7317 | D:6      | Reached XP level 9. HP: 61/79 MP: 4/4
  7444 | D:6      | Acquired Okawaru's first power
  7981 | D:7      | Reached skill level 10 in Long Blades
  8214 | D:7      | Found an ancient bone altar of Kikubaaqudgha.
  8387 | D:7      | Found a snail-covered altar of Cheibriados.
  8606 | D:7      | Found a bloodstained altar of Trog.
  8655 | D:7      | Lost mutation: Scrolls take you a little longer to read. [potion of cure mutation]
  8995 | D:8      | Reached XP level 10. HP: 65/90 MP: 4/4
  9232 | D:8      | Reached skill level 11 in Long Blades
  9300 | D:8      | Noticed Joseph
  9323 | D:8      | Killed Joseph
 10136 | D:9      | Found a deep blue altar of Sif Muna.
 10457 | D:9      | Noticed Blork the orc
 10462 | D:9      | Killed Blork the orc
 10643 | D:9      | Found a staircase to the Lair.
 10719 | D:9      | Reached skill level 12 in Long Blades
 10926 | D:9      | Found Qomi's Antique Weapon Shop.
 10929 | D:9      | Bought a glowing falchion for 108 gold pieces
 10998 | D:9      | Found a staircase to the Orcish Mines.
 11188 | D:10     | Entered Level 10 of the Dungeon
 11239 | D:10     | Found a blossoming altar of Fedhas.
 11444 | D:10     | Noticed Fannar
 11501 | D:10     | Killed from afar by Fannar

Action                   |  1- 3 |  4- 6 |  7- 9 | 10-12 || total
-------------------------+-------+-------+-------+-------++-------
Melee: Long sword        |   146 |   111 |   553 |   376 ||  1186
Invok: Heroism           |       |       |     1 |     2 ||     3
Evoke: Wand              |       |       |       |     1 ||     1
  Use: Potion            |     2 |     7 |     2 |     3 ||    14
       Scroll            |       |       |    12 |     3 ||    15
 Stab: Invisible         |       |     1 |       |       ||     1
  Eat: Chunk             |     4 |       |    11 |    10 ||    25
       Meat ration       |       |     1 |       |       ||     1
       Fruit             |       |       |     8 |       ||     8
